 Dungeon Crawl Stone Soup version 0.28.0-47-ge53b351184 (webtiles) character file.

Game seed: 7219798045172756957

162 101zpm the Firebug (level 5, 0/37 HPs)
             Began as a Gnoll Fire Elementalist on Apr 29, 2022.
             Killed from afar by Blork the orc (7 damage)
             ... with a puff of frost
             ... on level 3 of the Dungeon.
             The game lasted 00:04:13 (3887 turns).

101zpm the Firebug (Gnoll Fire Elementalist)        Turns: 3887, Time: 00:04:13

Health: 0/37       AC:  3    Str:  7    XL:     5   Next: 43%
Magic:  7/12       EV: 13    Int: 17    God:
Gold:   105        SH:  0    Dex: 12    Spells: 13/14 levels left

rFire   . . .      SeeInvis .     - Unarmed
rCold   . . .      Faith    .   (no shield)
rNeg    . . .      Spirit   .   a - +0 robe
rPois   .          Reflect  .   (no helmet)
rElec   .          Harm     .   (no cloak)
rCorr   .          Rampage  .   b - +0 pair of gloves
Will    .....                   (no boots)
Stlth   +++.......              (no amulet)
HPRegen 0.12/turn               (no ring)
MPRegen 0.13/turn               (no ring)

@: no status effects
A: fangs 1, strong nose, distributed training
a: no special abilities


You were on level 3 of the Dungeon.
You visited 1 branch of the dungeon, and saw 4 of its levels.

You collected 105 gold pieces.

Inventory:

Missiles
 j - a throwing net
Armour
 a - a +0 robe (worn)
 b - a +0 pair of gloves (worn)
Jewellery
 e - an amulet of reflection
 f - a ring of positive energy
Scrolls
 c - 2 scrolls of teleportation {unknown}
 g - 2 scrolls of identify {unknown}
 h - a scroll of enchant weapon {unknown}
Potions
 d - 2 potions of cancellation {unknown}
 i - 3 potions of curing {unknown}
 k - a potion of heal wounds {unknown}


   Skills:
 + Level 1.5 Fighting
 + Level 1.5 Short Blades
 + Level 1.5 Long Blades
 + Level 1.5 Axes
 + Level 1.5 Maces & Flails
 + Level 1.5 Polearms
 + Level 1.5 Staves
 + Level 1.5 Slings
 + Level 1.5 Bows
 + Level 1.5 Crossbows
 + Level 1.5 Throwing
 + Level 1.5 Armour
 + Level 4.8 Dodging
 + Level 4.4 Stealth
 + Level 1.5 Shields
 + Level 1.5 Unarmed Combat
 + Level 5.2 Spellcasting
 + Level 2.4 Conjurations
 + Level 1.2 Hexes
 + Level 1.2 Summonings
 + Level 1.2 Necromancy
 + Level 1.2 Translocations
 + Level 1.2 Transmutations
 + Level 5.5 Fire Magic
 + Level 1.2 Ice Magic
 + Level 1.2 Air Magic
 + Level 1.2 Earth Magic
 + Level 1.2 Poison Magic
 + Level 1.7 Invocations
 + Level 1.5 Evocations


You had 13 spell levels left.
You knew the following spells:

 Your Spells              Type           Power      Damage    Failure   Level
a - Foxfire               Conj/Fire      72%        2x1d7     2%          1

Your spell library contained the following spells:

 Spells                   Type           Power      Damage    Failure   Level
 Scorch                   Fire           46%        2d7       2%          2
 Conjure Flame            Conj/Fire      18%        6-21      9%          3
 Inner Flame              Hex/Fire       15%        N/A       11%         3
 Ensorcelled Hibernation  Hex/Ice        16%        N/A       13%         2
 Frozen Ramparts          Ice            16%        1d3       26%         3
 Flame Wave               Conj/Fire      18%        2d6       26%         4
 Metabolic Englaciation   Hex/Ice        4%         N/A       93%         5


Dungeon Overview and Level Annotations

Branches:
Dungeon (4/15)
 Temple: D:4-7

Altars:
Zin

Shops:
D:2 *

Annotations:
D:3 Blork the orc


Innate Abilities, Weirdness & Mutations

You have very sharp teeth.
Your uncanny sense of smell can sniff out nearby items.
Your experience applies equally to all skills.


Message History

Blork the orc gestures wildly while chanting.
Blork the orc seems to speed up.
You conjure some foxfire!
The foxfire hits Blork the orc.
Blork the orc resists.
Blork the orc is moderately wounded.
The foxfire hits Blork the orc.
Blork the orc completely resists.
Blork the orc is moderately wounded.
The foxfire hits Blork the orc but does no damage.
Blork the orc is moderately wounded.
You conjure some foxfire!
The foxfire hits Blork the orc but does no damage.
Blork the orc is moderately wounded.
Your foxfire dissipates!
The foxfire hits Blork the orc.
Blork the orc completely resists.
Blork the orc is moderately wounded.
The foxfire hits Blork the orc but does no damage.
Blork the orc is moderately wounded.
Blork the orc hits you with a +0 short sword!
Blork the orc casts a spell at you. The magic dart hits you.
Blork the orc barely misses you.
There is a stone staircase leading up here.
Blork the orc hits you with a +0 short sword!
You climb upwards.
There is a stone staircase leading down here.
Blork the orc looks encouraged for a moment.
Blork the orc barely misses you.
Blork the orc screams, "I don't like you!"
Blork the orc hits you but does no damage.
Blork the orc screams, "I'll break your arms!"
Blork the orc closely misses you.
Blork the orc screams, "You are the ugliest creature I've ever seen!"
Blork the orc hits you with a +0 short sword.
Blork the orc looks braver for a moment.
Blork the orc casts a spell at you. The puff of flame hits you!
* * * LOW HITPOINT WARNING * * *
Blork the orc gestures at you while chanting.
The puff of frost hits you!
You die...

#######.............# #.#........
....................# #.#.#<.....
..(.................# #.#.#######
.....)...###..(.....# #.#........
.........# #........# #.#########
.........# #........# #.#
.........# #........###'#########
......)..# #........##...........
.†.......###....@...##...........
................o...##...........
######...............#...........
#...............############
#...............#8###8###.##
#................).......... ###
#...........................
##.###......#########............
#.[.##......# #............


You could see Blork the orc (fast).

Vanquished Creatures
  5 adders
  4 gnolls (D:3)
  A worm (D:2)
  4 dart slugs
  An orc (D:3)
  7 bats
  9 endoplasms
  A giant cockroach (D:2)
  6 goblins
  4 hobgoblins
  3 jackals (D:1)
  3 quokkas
  7 ball pythons
  A frilled lizard (D:3)
  7 kobolds
  6 rats
69 creatures vanquished.

Vanquished Creatures (others)
  379 foxfires
379 creatures vanquished.

Grand Total: 448 creatures vanquished

Notes
Turn   | Place    | Note
-------+----------+-------------------------------------------
     0 | D:1      | 101zpm the Gnoll Fire Elementalist began the quest for the
                  | Orb.
     0 | D:1      | Reached XP level 1. HP: 13/13 MP: 6/6
   303 | D:1      | Reached XP level 2. HP: 19/19 MP: 3/7
  1192 | D:1      | Reached XP level 3. HP: 15/25 MP: 7/9
  1367 | D:2      | Reached skill level 5 in Spellcasting
  1375 | D:2      | Reached skill level 1 in Invocations
  1725 | D:2      | Reached skill level 1 in Fighting
  1725 | D:2      | Reached skill level 1 in Short Blades
  1725 | D:2      | Reached skill level 1 in Long Blades
  1725 | D:2      | Reached skill level 1 in Axes
  1725 | D:2      | Reached skill level 1 in Maces & Flails
  1725 | D:2      | Reached skill level 1 in Polearms
  1725 | D:2      | Reached skill level 1 in Staves
  1725 | D:2      | Reached skill level 1 in Slings
  1725 | D:2      | Reached skill level 1 in Bows
  1725 | D:2      | Reached skill level 1 in Crossbows
  1725 | D:2      | Reached skill level 1 in Throwing
  1725 | D:2      | Reached skill level 1 in Armour
  1725 | D:2      | Reached skill level 1 in Shields
  1725 | D:2      | Reached skill level 1 in Unarmed Combat
  1725 | D:2      | Reached skill level 1 in Evocations
  1895 | D:2      | Reached XP level 4. HP: 32/32 MP: 7/11
  2139 | D:2      | Found Icaehang's Assorted Antiques.
  2426 | D:2      | Found a glowing silver altar of Zin.
  2808 | D:3      | Reached skill level 1 in Hexes
  2808 | D:3      | Reached skill level 1 in Summonings
  2808 | D:3      | Reached skill level 1 in Necromancy
  2808 | D:3      | Reached skill level 1 in Translocations
  2808 | D:3      | Reached skill level 1 in Transmutations
  2808 | D:3      | Reached skill level 1 in Ice Magic
  2808 | D:3      | Reached skill level 1 in Air Magic
  2808 | D:3      | Reached skill level 1 in Earth Magic
  2808 | D:3      | Reached skill level 1 in Poison Magic
  2990 | D:3      | Reached XP level 5. HP: 37/37 MP: 8/12
  3286 | D:3      | Got the Catalogue of Ice
  3860 | D:4      | Noticed Blork the orc
  3887 | D:3      | Killed from afar by Blork the orc

Illustrated notes

Levels and vault maps discovered:
D:1:      eino_arrival_water_cross, layout_basic,
          shapermc_ecumenical_altar_pompeii, minmay_strange_pillars,
          chequers_serial_rivers_large_b, nrook_mini_backslash
D:2:      minmay_spotlight, layout_rooms, serial_shops,
          nicolae_shop_statue_plus, basic_altar
D:3:      layout_basic, serial_corexii_hall, chequers_hall_statues_y,
          chequers_hall_statues_wall_a, nrook_loot_triangle, minmay_checkerbox
D:4:      black_bear_nest_1, layout_layer_cave, uniq_pikel, uniq_grinder,
          uniq_blork_the_orc, uniq_robin

Skill      XL: |  1  2  3  4 |
---------------+-------------+-----
Conjurations   | 2 |  2.4
Spellcasting   | 5 |  5.2
Invocations    | 1 |  1.7
Fighting       | 1 |  1.5
Short Blades   | 1 |  1.5
Long Blades    | 1 |  1.5
Axes           | 1 |  1.5
Maces & Flails | 1 |  1.5
Polearms       | 1 |  1.5
Staves         | 1 |  1.5
Slings         | 1 |  1.5
Bows           | 1 |  1.5
Crossbows      | 1 |  1.5
Throwing       | 1 |  1.5
Armour         | 1 |  1.5
Shields        | 1 |  1.5
Unarmed Combat | 1 |  1.5
Evocations     | 1 |  1.5
Hexes          | 1 |  1.2
Summonings     | 1 |  1.2
Necromancy     | 1 |  1.2
Translocations | 1 |  1.2
Transmutations | 1 |  1.2
Ice Magic      | 1 |  1.2
Air Magic      | 1 |  1.2
Earth Magic    | 1 |  1.2
Poison Magic   | 1 |  1.2
Dodging        | |  4.8
Stealth        | |  4.4
Fire Magic     | |  5.5

Action                   |  1- 3 |  4- 6 || total
-------------------------+-------+-------++-------
Melee: Unarmed           |    39 |     2 ||    41
       Bite              |     4 |       ||     4
       Punch             |       |     1 ||     1
 Cast: Foxfire           |   109 |   134 ||   243
 Stab: Sleeping          |     1 |       ||     1
Armor: Robe              |    11 |     2 ||    13
Dodge: Dodged            |    31 |     9 ||    40
